 Dungeon Crawl Stone Soup version 0.24.0-13-gcf9b3192b9 (webtiles) character file.

Game seed: 4389715625472850041, levelgen mode: deterministic

248430 magipi the Blocker (level 18, -9/161 HPs)
             Began as a White Draconian Fire Elementalist on Nov 4, 2019.
             Was a High Priest of Jiyva.
             Mangled by Mennas
             ... wielding a +4 trishula of holy wrath
              (21 damage)
             ... on level 5 of the Depths on Nov 6, 2019.
             The game lasted 04:33:57 (66243 turns).

magipi the Blocker (DrFE)                          Turns: 66243, Time: 04:33:58

Health: -9/161     AC: 23    Str:  9    XL:     18   Next: 85%
Magic:  36/36      EV: 22    Int: 27    God:    Jiyva [*****.]
Gold:   2217       SH: 20    Dex: 25    Spells: 9/33 levels left

rFire    + . .     SeeInvis +   b - +6 demon blade (vamp)
rCold    + + .     Gourm    .   Q - +1 shield {rC+ rF+}
rNeg     + + .     Faith    .   (armour unavailable)
rPois    +         Spirit   .   (helmet restricted)
rElec    .         Reflect  +   T - +2 cloak {MR+}
rCorr    +         Harm     .   O - +1 pair of gloves "Ditah" {Int+5 Stlth+}
MR       +++..                  U - +1 pair of boots
Stlth    ++........             N - amulet of Gifroc {Reflect +Inv rN++ MR- Str+4 SH+6}
HPRegen  0.36/turn              m - ring of protection from magic
MPRegen  0.25/turn              H - +5 ring of protection

@: glowing, silenced, drained
A: breathe frost, unfitting armour, antennae 2, claws 1, stinger 1, see
invisible, agile 2, cold resistance 1, high mp 2, magic resistance 1, sense
surroundings 2, poison resistance, robust 1, strong 1, wild magic 1, acidic
bite, gelatinous body 1, pseudopods 1, translucent skin 1, jelly absorbing
missiles, cold-blooded, AC +10
}: 2/15 runes: slimy, gossamer
a: Breathe Frost, Renounce Religion, Evoke Invisibility


You were on level 5 of the Depths.
You worshipped Jiyva.
Jiyva was extremely pleased with you.
You were full.

You visited 8 branches of the dungeon, and saw 44 of its levels.
You also visited: Ice Cave.

You collected 2357 gold pieces.
You spent 140 gold pieces at shops.

Inventory:

Hand Weapons
 a - a +6 spear of venom
   (You took it off a gnoll sergeant on level 9 of the Dungeon)
 b - a +6 vampiric demon blade (weapon)
   (You took it off Mara on level 15 of the Dungeon)
 I - a +1 broad axe of electrocution
   (You bought it in a shop on level 1 of the Elven Halls)
 K - a +1 demon whip of electrocution
   (You found it on level 15 of the Dungeon)
 R - a +4 demon trident of distortion
   (You took it off a hell knight on level 4 of the Depths)
Missiles
 k - 7 curare-tipped darts (quivered)
 E - 3 throwing nets
 P - 9 javelins
Armour
 O - the +1 pair of gloves "Ditah" (worn) {Int+5 Stlth+}
   (You found it on level 1 of the Swamp)

   It affects your intelligence (+5).
   It makes you more stealthy.
 Q - a +1 shield of resistance (worn)
   (You found it on level 1 of the Lair of Beasts)
 T - a +2 cloak of magic resistance (worn)
   (You found it on level 2 of the Dungeon)
 U - a +1 pair of boots (worn)
   (You found it on level 12 of the Dungeon)
Magical Staves
 l - an uncursed staff of air
   (You found it on level 3 of the Lair of Beasts)
Jewellery
 c - an uncursed ring of protection from cold
   (You found it on level 1 of the Lair of Beasts)
 g - an uncursed amulet of rage
   (You found it on level 1 of the Dungeon)
 i - the ring "Votzokeh" {rF++ Str+4 Dex-5 SInv}
   (You took it off a deep elf mage on level 3 of the Elven Halls)

   [ring of strength]

   It affects your strength (+4).
   It affects your dexterity (-5).
   It greatly protects you from fire.
   It lets you see invisible.
 m - a ring of protection from magic (left hand)
   (You took it off a deep elf high priest on level 1 of the Elven Halls)
 p - the ring "Norezihe" {rPois Int+2 Dex-2}
   (You found it on level 5 of the Pits of Slime)

   [ring of dexterity]

   It affects your intelligence (+2).
   It affects your dexterity (-2).
   It protects you from poison.
 z - an uncursed ring of wizardry
   (You took it off a gnoll on level 3 of the Dungeon)
 H - a +5 ring of protection (right hand)
   (You took it off a deep elf annihilator on level 3 of the Elven Halls)
 N - the amulet of Gifroc (around neck) {Reflect +Inv rN++ MR- Str+4 SH+6}
   (You found it on level 5 of the Pits of Slime)

   [amulet of reflection]

   It shields you and reflects attacks.
   It affects your strength (+4).
   It greatly protects you from negative energy.
   It affects your resistance to hostile enchantments.
   It lets you turn invisible.
   It affects your SH (+6).
Wands
 e - a wand of clouds (1)
   (You took it off a deep elf archer on level 3 of the Elven Halls)
 n - a wand of polymorph (22)
   (You found it on level 8 of the Dungeon)
 G - a wand of flame (30)
   (You found it on level 6 of the Lair of Beasts)
 L - a wand of paralysis (8)
   (You found it on level 4 of the Depths)
 S - a wand of disintegration (15)
   (You found it in an ice cave)
Scrolls
 h - 5 scrolls of magic mapping
 j - 13 scrolls of remove curse
 r - 5 scrolls of teleportation
 s - 2 scrolls of amnesia
 w - a scroll of fog
 y - 2 scrolls of silence
 F - 2 scrolls of fear
Potions
 d - 5 potions of curing
 o - 6 potions of flight
 q - 2 potions of agility
 t - 3 potions of brilliance
 v - 2 potions of magic
 A - 2 potions of cancellation
 B - a potion of haste
 C - 2 potions of might
 D - 4 potions of invisibility
 M - 2 potions of resistance
Miscellaneous
 f - a fan of gales
   (You found it on level 1 of the Depths)
 u - 4 phantom mirrors
 J - a phial of floods (inert)
   (You found it on level 11 of the Dungeon)
 V - a lightning rod (4/4)
   (You found it on level 3 of the Elven Halls)
Comestibles
 x - 22 rations


   Skills:
 - Level 10.0(9.0) Fighting
 * Level 10.0(9.1) Long Blades
 - Level 11.2(11.0) Polearms
 - Level 6.8(9.0) Staves
 - Level 10.0(9.0) Dodging
 - Level 6.0(5.1) Stealth
 + Level 14.9(13.8) Shields
 - Level 8.0(7.1) Spellcasting
 - Level 10.0(9.0) Conjurations
 - Level 6.0(5.2) Hexes
 - Level 6.0(5.1) Charms
 - Level 6.0(5.1) Necromancy
 - Level 6.0(5.1) Translocations
 - Level 10.1(9.1) Fire Magic
 - Level 10.0(9.0) Evocations


You had 9 spell levels left.
You knew the following spells:

 Your Spells              Type           Power        Failure   Level  Hunger
a - Apportation           Tloc           #####.       1%          1    None
c - Conjure Flame         Conj/Fire      ######..     1%          3    None
d - Tukima's Dance        Hex            #####...     4%          3    None
f - Fireball              Conj/Fire      ######....   7%          5    #####..
r - Regeneration          Chrm/Necr      #####.....   4%          3    None
t - Confusing Touch       Hex            #####.       1%          1    None
w - Spectral Weapon       Hex/Chrm       #####...     4%          3    None
x - Flame Tongue          Conj/Fire      #####        1%          1    None
y - Sticky Flame          Conj/Fire      ######..     3%          4    ##.....

Your spell library contained the following spells:

 Spells                   Type           Power        Failure   Level  Hunger
 Animate Skeleton         Necr           N/A          1%          1    None
 Corona                   Hex            #####..      1%          1    None
 Infusion                 Chrm           ####         1%          1    None
 Pain                     Necr           ####         1%          1    None
 Throw Flame              Conj/Fire      ######       1%          2    None
 Sting                    Conj/Pois      ####         2%          1    None
 Shroud of Golubria       Chrm/Tloc      #####.       2%          2    None
 Slow                     Hex            #####...     2%          2    None
 Song of Slaying          Chrm           #####...     2%          2    None
 Dazzling Spray           Conj/Hex       ######       2%          3    None
 Inner Flame              Hex/Fire       ######..     2%          3    None
 Portal Projectile        Hex/Tloc       #####.       4%          3    None
 Vampiric Draining        Necr           #####.....   4%          3    None
 Static Discharge         Conj/Air       #####...     5%          3    None
 Ignite Poison            Fire/Tmut/Pois ####....     9%          3    None
 Mephitic Cloud           Conj/Pois/Air  ####....     10%         3    None
 Summon Small Mammal      Summ           ##..         11%         1    None
 Ozocubu's Armour         Chrm/Ice       ####....     11%         3    None
 Animate Dead             Necr           N/A          12%         4    ##.....
 Cause Fear               Hex            #####.....   12%         4    ##.....
 Poisonous Vapours        Pois/Air       ##....       14%         2    None
 Bolt of Draining         Conj/Necr      ######....   14%         5    #####..
 Leda's Liquefaction      Hex/Erth       ####......   30%         4    ##.....
 Excruciating Wounds      Chrm/Necr      #####.....   30%         5    #####..
 Venom Bolt               Conj/Pois      #####.....   36%         5    #####..
 Olgreb's Toxic Radiance  Pois           ##......     63%         4    ##.....
 Summon Lightning Spire   Summ/Air       ##......     63%         4    ##.....
 Darkness                 Hex            #####.....   83%         6    ######.
 Alistair's Intoxication  Tmut/Pois      ##......     92%         5    #####..
 Deflect Missiles         Chrm/Air       ####......   99%         6    ######.
 Discord                  Hex            #####.....   100%        8    #######
 Ignition                 Fire           ######....   100%        8    #######
 Tornado                  Air            ##........   100%        9    #######


Dungeon Overview and Level Annotations

Branches:
Dungeon (15/15)            Temple (0/1) D:7            Lair (6/6) D:8
  Swamp (4/4) Lair:4       Spider (4/4) Lair:2        Slime (5/5) Lair:5
    Orc (2/2) D:11            Elf (3/3) Orc:2        Vaults (0/5) D:14
 Depths (5/5) D:15          IceCv (visited)
    Zot: Depths:5

Altars:
Ashenzari
Makhleb
Sif Muna
Trog
Uskayaw
Wu Jian
Xom
The Shining One
Beogh
Jiyva

Shops:
D:5 [   D:8 (   D:10 %   Orc:2 [(%(   Elf:1 (

Portals:
Hell: Lair:6 Depths:1 Depths:3 Depths:4
Abyss: Depths:4

Annotations:
D:4 1 runed translucent door, Crazy Yiuf
D:11 4 runed translucent doors
D:12 exclusion: upstairs
Lair:1 exclusion: 2 oklob plants
Lair:3 2 transporters, exclusion: 4 oklob plants, Irhican's ghost, journeyman MiBe
Lair:6 hell
Spider:2 1 runed translucent door, Taocaav's ghost, adept CeHu
Slime:5 Royal Jelly
Elf:1 6 runed translucent doors
Elf:2 5 runed translucent doors
Depths:3 2 transporters, 1 runed translucent door, exclusion: obsidian statue, Setanta's ghost, veteran GnFi
Depths:5 Mennas


Innate Abilities, Weirdness & Mutations

You can breathe waves of freezing cold.
You can buffet flying creatures when you breathe cold.
Your icy white scales are hard. (AC +10)
You cannot fit into any form of body armour.
Your flesh is cold resistant. (rC+)
You are cold-blooded and may be slowed by cold attacks.
You have a pair of antennae on your head.
You have sharp fingernails.
Your tail ends in a poisonous barb.
You have supernaturally acute eyesight. (SInv)
You are very agile. (Dex +4)
You have a considerably increased reservoir of magic. (+20% MP)
You are resistant to hostile enchantments. (MR+)
You passively map the area around you.
Your system is resistant to poisons. (rPois)
You are robust. (+10% HP)
Your muscles are strong. (Str +2)
Your spells are a little harder to cast, but a little more powerful.
You have acidic saliva.
Your rubbery body absorbs attacks. (AC +1, EV +1)
Armour fits poorly on your pseudopods.
Your translucent skin slightly reduces your foes' accuracy. (Stealth)
You have a small jelly attached to you that may absorb incoming projectiles.


Message History

Mennas hits Mennas from afar with a +4 trishula of holy wrath.
You block the death ooze's attack. x2
Mennas hits you from afar with a +4 trishula of holy wrath!
Mennas hits you from afar with a +4 trishula of holy wrath.
Unknown command.
Evoke which item? (* to show all) (? for menu, Esc to quit)
Aim the phial where?
Press: ? - help, Shift-Dir - straight line, f/p - Mennas
Aim: Mennas, wielding a +4 trishula of holy wrath and wearing a +0 large shield (silenced, lightly wounded, radiating silence, haloed) Mennas blocks the torrent of water.
The wave splashes down.
You fall into the shallow water.
Moving in this stuff is going to be slow.
The water rises up and takes form.
Mennas hits Mennas from afar with a +4 trishula of holy wrath!
Mennas blocks Mennas's attack.
The death ooze splashes around in the water.
You block the death ooze's attack. Mennas hits you but does no damage.
You block Mennas's attack.
Mennas blocks Mennas's attack. x2
Unknown command.
Mennas shimmers and vanishes!
You block Mennas's attack. x3; Mennas hits you but does no damage.
Mennas blocks your water elemental's attack. x2
Unknown command.
Unknown command.
Press: ? - help, Shift-Dir - straight line, f/p - Mennas
Aim: Mennas, wielding a +4 trishula of holy wrath and wearing a +0 large shield (silenced, lightly wounded, radiating silence, haloed)
You exhale a wave of freezing cold.
The freezing breath misses Mennas.
The death ooze seems less confused.
You block Mennas's attack. x2
Mennas blocks your water elemental's attack.
Your water elemental barely misses Mennas.
Unknown command.
Unknown command.
Evoke which item? (* to show all) (? for menu, Esc to quit)
Okay, then.
Unknown command.
You swap places.
Mennas hits you but does no damage. You block Mennas's attack.
Mennas blocks your water elemental's attack.
You see here a robe.
Unknown command.
Your water elemental barely misses Mennas.
Unknown command.
You block Mennas's attack. x2
Mennas blocks your water elemental's attack.
Mennas barely misses you. You block Mennas's attack.
Your water elemental misses Mennas.
Unknown command.
Mennas hits you from afar with a +4 trishula of holy wrath!!
You block Mennas's attack.
Mennas blocks your water elemental's attack.
Your water elemental misses Mennas.
Unknown command.
Mennas hits you from afar with a +4 trishula of holy wrath!!
You block Mennas's attack.
You feel a little less hungry.
You feel better.
Your water elemental barely misses Mennas.
Mennas blocks your water elemental's attack.
Mennas closely misses you. Mennas barely misses you.
Unknown command.
Unknown command.
Mennas becomes audible again.
Mennas blocks your water elemental's attack.
Mennas gestures frantically.
Mennas's surroundings become eerily quiet.
Mennas blocks your water elemental's attack.
Mennas hits you but does no damage.
Mennas hits you from afar with a +4 trishula of holy wrath!
* * * LOW HITPOINT WARNING * * *
Evoke which item? (* to show all) (? for menu, Esc to quit)
Aiming: Phantom Mirror
Press: ? - help, Dir - move target cursor, f/p - Mennas
Aim: Mennas, wielding a +4 trishula of holy wrath and wearing a +0 large shield (silenced, lightly wounded, radiating silence, haloed)
You reflect Mennas with the mirror, and the mirror shatters!
Mennas shakes his head sadly.
Mennas closely misses you. Mennas misses you.
Mennas hits Mennas with a +4 trishula of holy wrath! x2
Mennas blocks your water elemental's attack.
Unknown command.
Unknown command.
Mennas hits Mennas but does no damage.
Mennas blocks Mennas's attack.
Mennas closely misses you. Mennas misses you.
Mennas hits Mennas from afar with a +4 trishula of holy wrath!
Mennas blocks Mennas's attack.
You have got your breath back.
Mennas blocks your water elemental's attack.
Mennas hits Mennas but does no damage. x2
Mennas hits you from afar with a +4 trishula of holy wrath!
* * * LOW HITPOINT WARNING * * *
You block Mennas's attack.
Mennas hits you from afar with a +4 trishula of holy wrath!!
* * * LOW HITPOINT WARNING * * *
You block Mennas's attack.
Mennas hits Mennas but does no damage.
Mennas blocks Mennas's attack.
Found a scroll of immolation.
Unknown command.
Mennas shimmers and vanishes!
Your water elemental completely misses Mennas.
Mennas hits you from afar with a +4 trishula of holy wrath.
* * * LOW HITPOINT WARNING * * *
Mennas hits you from afar with a +4 trishula of holy wrath!!
You die...

, , , , * , *
,, ,, , * , *
#### ,, **
##.?# , ,
#...### ,
#.....## , ,
##.@...## * ,
* *#....A..###
,
#....#EE...###
* *
#...###......#
.....*
##.....#
**#....#
###...# .....#
###....# ....#
#..<..## * *
##≈....#


You could see Mennas and 2 friendly water elementals.

Vanquished Creatures
  Mara (D:15)
  A lich (Depths:3)
  A deep elf blademaster (Elf:3)
  A titan (Depths:3)
  A sphinx (Depths:3)
  A shadow dragon (Depths:4)
  A thorn hunter (Swamp:3)
  A fire giant (Depths:1)
  6 ghost moths
  3 deep elf sorcerers
  3 deep elf elementalists
  4 very ugly things
  7 stone giants
  5 deep elf demonologists
  2 spark wasps
  6 deep elf annihilators (Elf:3)
  4 ettins
  7 deep elf death magi
  5 deep elf high priests
  4 fire dragons
  3 jiangshi
  2 ice dragons (Depths:3)
  A yaktaur captain (Depths:1)
  2 rakshasas
  Harold (D:8)
  4 hydras
  An ogre mage (Depths:3)
  A spriggan air mage (Depths:4)
  4 centaur warriors
  5 death yaks
  A ghost crab (Swamp:2)
  A deep troll shaman (Depths:3)
  15 dancing weapons
  7 two-headed ogres
  7 alligators
  An orc high priest (Elf:1)
  A vampire mage (Depths:1)
  A deep troll earth mage (Depths:4)
  4 tengu warriors
  9 deep elf knights
  An iron troll (Depths:3)
  4 hell knights
  2 skeletal warriors
  A flayed ghost (Depths:1)
  A spriggan druid (Swamp:2)
  6 deep trolls
  An unseen horror (D:13)
  2 wizards
  6 deep elf archers
  A phantasmal warrior (Depths:4)
  A lindwurm (Lair:5)
  A wolf spider zombie (D:15)
  4 necromancers (Depths:4)
  21 wolf spiders
  8 orb spiders
  10 ugly things
  4 cyclopes
  46 deep elf magi
  2 moths of wrath
  2 orc sorcerers
  4 manticores
  2 centaur zombies
  An ice statue (IceCv)
  7 elephants
  An orange demon (Lair:6)
  2 torpor snails
  17 spiny frogs
  7 komodo dragons
  2 freezing wraiths
  A hellwing (Lair:6)
  9 rime drakes
  19 yaktaurs
  2 demonic crawlers
  4 ice devils
  22 jumping spiders
  2 tengu conjurers
  A meliai (shapeshifter) (Elf:1)
  5 trolls
  3 meliai (Spider:1)
  3 tyrant leeches
  8 hornets
  15 polar bears (IceCv)
  Prince Ribbit (D:7)
  4 blink frogs (Lair:6)
  12 hippogriffs
  5 bog bodies
  2 shadows
  3 air elementals
  3 water elementals
  44 redbacks
  3 spriggans
  6 wraiths
  29 tarantellas
  3 fire elementals
  A human (shapeshifter) (D:13)
  48 yaks
  A wyvern (D:7)
  4 basilisks
  17 vampire mosquitoes
  7 insubstantial wisps
  12 swamp worms
  An acid dragon (D:11)
  4 hell hounds (Lair:6)
  35 water moccasins
  9 porcupines
  5 sky beasts
  3 swamp drakes (Swamp:2)
  5 ice beasts
  2 black bears
  27 orc warriors
  2 boggarts
  A hornet zombie (D:13)
  10 ogres
  5 phantoms
  A necrophage (D:11)
  24 wolves
  3 centaurs
  5 big kobolds
  18 crocodiles
  18 bullfrogs
  2 gnoll sergeants
  A wyvern zombie (D:8)
  2 scorpions
  49 killer bees
  7 wights
  7 howler monkeys
  3 electric eels
  5 bullfrog zombies
  7 crimson imps
  8 hounds
  12 orc priests
  A bullfrog skeleton (D:12)
  5 gnoll shamans
  2 jellies (D:6)
  21 orc wizards
  2 centaur skeletons
  Jessica (D:2)
  3 iguanas
  Natasha (thrice) (D:3)
  6 worker ants
  Terence (D:1)
  A hound zombie (D:7)
  A hound skeleton (D:11)
  A worker ant zombie (D:8)
  Robin (D:1)
  52 gnolls
  A howler monkey skeleton (D:8)
  23 adders
  A shadow imp (D:8)
  2 adder skeletons
  A worm (D:3)
  A dart slug (D:1)
  2 leopard geckos
  58 orcs
  8 giant cockroaches
  12 goblins
  11 hobgoblins
  23 jackals
  5 quokkas
  2 bats
  3 frilled lizards
  19 kobolds
  A leopard gecko skeleton (D:4)
  6 rats
  A fire vortex (D:15)
1163 creatures vanquished.

Vanquished Creatures (collateral kills)
  A lich (Depths:1)
  A deep elf annihilator (Elf:3)
  A yaktaur captain (Depths:4)
  A spriggan berserker (Depths:4)
  A skeletal warrior (D:14)
  2 deep elf magi
  2 cyclopes
  A vampire mosquito (Swamp:1)
10 creatures vanquished.

Vanquished Creatures (others)
  A tentacled monstrosity (Depths:3)
  A quicksilver dragon (Depths:4)
  An acid blob (shapeshifter) (D:11)
  A sphinx (Depths:1)
  Donald (Swamp:1)
  An azure jelly (Spider:4)
  2 frost giants
  A fire giant (Depths:4)
  A deep elf sorcerer (Depths:1)
  A ghost moth (Spider:4)
  2 deep elf elementalists (Elf:3)
  A spriggan defender (D:15)
  A very ugly thing (Depths:1)
  A stone giant (Depths:3)
  A vampire knight (Depths:4)
  A deep elf demonologist (Elf:2)
  A deep elf annihilator (Elf:3)
  7 death oozes
  An ettin (D:15)
  A jiangshi (Depths:3)
  6 great orbs of eyes
  A yaktaur captain (Depths:1)
  5 rakshasas
  2 ice dragons
  3 hydras
  An ogre mage (Depths:1)
  A tengu warrior (Depths:3)
  A centaur warrior (D:14)
  An alligator (Swamp:3)
  A dancing weapon (Elf:1)
  5 two-headed ogres
  A death knight (D:14)
  2 death yaks (Lair:4)
  2 deep troll shamans
  5 glowing orange brains
  3 hell knights (Depths:3)
  3 deep elf archers (Elf:1)
  4 phantasmal warriors
  8 deep elf magi
  3 orb spiders (Spider:1)
  2 wizards
  A faun (shapeshifter) (D:11)
  A wolf spider (Spider:1)
  A cyclops (D:14)
  16 eyes of devastation (Depths:4)
  A centaur zombie (D:14)
  A black mamba (Lair:5)
  2 gargoyles
  A kobold demonologist (D:14)
  2 tengu conjurers
  A rime drake (Lair:5)
  19 yaktaurs
  A merfolk (shapeshifter) (Depths:1)
  A troll (D:14)
  2 hornets (Spider:4)
  A queen bee (Lair:3)
  3 jumping spiders (Spider:1)
  A polar bear (shapeshifter) (Depths:2)
  A bog body (Swamp:3)
  29 slime creatures
  A tyrant leech (Swamp:2)
  4 water elementals
  12 redbacks
  3 shadows
  A wraith (D:14)
  An air elemental (Elf:2)
  A tarantella (Spider:1)
  A steam dragon (D:13)
  2 wyverns
  4 hungry ghosts
  3 swamp worms (Swamp:2)
  2 soldier ants
  2 water moccasins
  A floating eye (Depths:3)
  A floating eye (shapeshifter) (Depths:3)
  3 orc warriors (Orc:2)
  2 swamp drakes (Swamp:2)
  A black bear (D:11)
  4 ogres
  An eye of draining (shapeshifter) (Elf:1)
  4 boggarts (Depths:1)
  6 centaurs
  A crocodile (D:11)
  5 big kobolds
  5 bullfrogs
  A scorpion (D:14)
  A water moccasin skeleton (D:11)
  2 killer bees (Lair:3)
  2 wights
  A crimson imp (D:11)
  3 orc priests
  415 jellies
  An iron imp (Depths:1)
  3 orc wizards
  An iguana (D:14)
  2 worker ants
  A hound skeleton (D:11)
  A howler monkey skeleton (D:11)
  9 adders (Lair:2)
  A gnoll (Orc:2)
  21 orcs
  2 quokkas
  15 kobolds
  A fire vortex (D:15)
  30 fungi
  23 plants
780 creatures vanquished.

Grand Total: 1953 creatures vanquished

Notes
Turn   | Place    | Note
-------+----------+-------------------------------------------
     0 | D:1      | magipi the Draconian Fire Elementalist began the quest for
                  | the Orb.
     0 | D:1      | Reached XP level 1. HP: 14/14 MP: 3/3
   285 | D:1      | Reached XP level 2. HP: 20/20 MP: 5/5
   716 | D:2      | Noticed Robin
   769 | D:1      | Killed Robin
   769 | D:1      | Reached XP level 3. HP: 21/26 MP: 0/6
  1082 | D:2      | Learned a level 3 spell: Conjure Flame
  1272 | D:2      | Noticed Terence
  1342 | D:1      | Killed Terence
  1342 | D:1      | Reached XP level 4. HP: 33/33 MP: 1/7
  1749 | D:2      | Learned a level 4 spell: Sticky Flame
  1865 | D:2      | Noticed Jessica
  1871 | D:2      | Killed Jessica
  2038 | D:3      | Noticed Natasha
  2039 | D:3      | Reached XP level 5. HP: 38/38 MP: 6/9
  2207 | D:3      | Killed Natasha
  2525 | D:3      | Found a burning altar of Makhleb.
  2653 | D:3      | Noticed Natasha
  2970 | D:3      | Reached XP level 6. HP: 38/45 MP: 5/10
  3089 | D:3      | Killed Natasha
  3313 | D:3      | Noticed Natasha
  3325 | D:3      | Killed Natasha
  3709 | D:2      | Reached skill level 5 in Conjurations
  4087 | D:3      | Your scales start taking on an icy white colour.
  4087 | D:3      | Reached XP level 7. HP: 48/50 MP: 7/12
  4087 | D:3      | Gained mutation: Your flesh is cold resistant. (rC+) [White
                  | Draconian growth]
  4746 | D:3      | Reached skill level 5 in Fire Magic
  5522 | D:4      | Reached XP level 8. HP: 57/57 MP: 8/14
  5899 | D:4      | Found a runed translucent door.
  5900 | D:4      | Noticed Crazy Yiuf
  5946 | D:5      | Entered Level 5 of the Dungeon
  6094 | D:5      | Reached skill level 1 in Fighting
  6218 | D:5      | Found Yhuurief's Antique Armour Shop.
  7023 | D:6      | Reached XP level 9. HP: 71/71 MP: 12/15
  7338 | D:6      | Found a glowing golden altar of the Shining One.
  7645 | D:7      | Noticed Prince Ribbit
  7681 | D:6      | HP: 3/71 [poisoned by a killer bee]
  7687 | D:6      | HP: 2/71 [poisoned by a killer bee]
  7695 | D:6      | HP: 2/71 [poisoned by a killer bee]
  8052 | D:7      | Found a staircase to the Ecumenical Temple.
  8406 | D:7      | Reached skill level 5 in Stealth
  8409 | D:7      | Reached skill level 5 in Fighting
  8453 | D:7      | Learned a level 5 spell: Fireball
  8502 | D:7      | Killed Prince Ribbit
  9095 | D:8      | Reached skill level 5 in Dodging
  9453 | D:8      | Noticed Harold
  9515 | D:8      | Found Cuileg's Weapon Shoppe.
  9550 | D:8      | Noticed a troll
  9622 | D:7      | Killed a troll
  9622 | D:7      | Reached XP level 10. HP: 47/83 MP: 1/16
 10289 | D:8      | Reached skill level 5 in Spellcasting
 10362 | D:8      | Found a staircase to the Lair.
 10501 | D:8      | Killed Harold
 11027 | Lair:1   | Entered Level 1 of the Lair of Beasts
 11201 | Lair:1   | Noticed a spiny frog
 11207 | Lair:1   | Noticed an oklob plant
 11209 | Lair:1   | You fall into a shaft and drop 1 floor!
 11237 | Lair:2   | Noticed a six-headed hydra
 11271 | Lair:2   | Killed a six-headed hydra
 11279 | Lair:1   | Noticed a spiny frog
 11596 | Lair:2   | Reached XP level 11. HP: 72/89 MP: 3/20
 11687 | Lair:2   | Found a hole to the Spider Nest.
 12522 | Lair:1   | Noticed an oklob plant
 13539 | Lair:3   | Found a transporter.
 13547 | Lair:3   | Noticed Snorg
 13847 | Lair:3   | Noticed Irhican's ghost (journeyman MiBe)
 14059 | Lair:3   | Found a transporter.
 14592 | Lair:4   | Noticed a six-headed hydra
 14607 | Lair:4   | Noticed a death yak
 14608 | Lair:4   | Noticed a death yak
 14608 | Lair:4   | Noticed a death yak
 14608 | Lair:4   | Noticed a death yak
 14608 | Lair:4   | Noticed a death yak
 14608 | Lair:4   | Noticed a death yak
 14629 | Lair:3   | Killed a six-headed hydra
 15231 | Lair:4   | Reached skill level 10 in Conjurations
 15690 | Lair:5   | Reached XP level 12. HP: 56/96 MP: 20/24
 15931 | Lair:5   | Found a viscous altar of Jiyva.
 15931 | Lair:5   | Found a staircase to the Slime Pits.
 15936 | Lair:5   | Became a worshipper of Jiyva Joesk the Shapeless
 16032 | Lair:6   | Entered Level 6 of the Lair of Beasts
 16241 | Lair:6   | Noticed an eight-headed hydra
 16270 | Lair:6   | Killed an eight-headed hydra
 16270 | Lair:6   | Reached skill level 10 in Fire Magic
 16544 | Lair:6   | Reached skill level 1 in Evocations
 16741 | Lair:6   | Reached * piety under Jiyva
 16891 | Lair:6   | Reached ** piety under Jiyva
 17197 | Lair:6   | Noticed a death yak
 17241 | Lair:6   | Killed a death yak
 17876 | Lair:6   | Found a burning altar of Makhleb.
 18307 | Lair:5   | Noticed a five-headed hydra
 18374 | Lair:5   | Reached skill level 5 in Evocations
 19194 | D:9      | Identified the Papyrus of Toxins and Enchantment
 19596 | D:9      | Reached *** piety under Jiyva
 19680 | D:9      | Found a hide-covered altar of Uskayaw.
 19680 | D:9      | Found an ornate altar of the Wu Jian Council.
 19681 | D:9      | Found a shattered altar of Ashenzari.
 19933 | D:9      | Gained mutation: You have acidic saliva. [Jiyva's grace]
 20010 | D:10     | Entered Level 10 of the Dungeon
 20160 | D:10     | Found Daolu's Food Shop.
 20319 | D:10     | Reached **** piety under Jiyva
 20891 | D:10     | Found a bloodstained altar of Trog.
 21036 | D:11     | Reached skill level 1 in Polearms
 21312 | D:11     | Gained mutation: You are resistant to hostile enchantments.
                  | (MR+) [Jiyva's grace]
 21400 | D:11     | Reached XP level 13. HP: 90/111 MP: 17/25
 21716 | D:11     | Found a staircase to the Orcish Mines.
 21863 | D:11     | Reached ***** piety under Jiyva
 21972 | D:11     | Identified the +10 quarterstaff of Freehold {crush, MR+
                  | Str+3 Int+2}
 21975 | D:11     | Found a runed translucent door.
 21990 | D:11     | Found a runed translucent door.
 21991 | D:11     | Noticed a fire giant
 22628 | D:11     | Lost mutation: You are resistant to hostile enchantments.
                  | (MR+) [Jiyva's grace]
 22640 | D:11     | Killed an acid blob
 22688 | D:11     | Found a runed translucent door.
 22691 | D:11     | Paralysed by a hornet for 2 turns
 22693 | D:11     | Reached skill level 10 in Fighting
 22715 | D:11     | Found a runed translucent door.
 22855 | Orc:1    | Entered Level 1 of the Orcish Mines
 23026 | Orc:2    | Entered Level 2 of the Orcish Mines
 23091 | Orc:2    | Found a roughly hewn altar of Beogh.
 23178 | Orc:2    | Found a roughly hewn altar of Beogh.
 23180 | Orc:2    | Reached skill level 1 in Staves
 23368 | Orc:2    | Found Xiuriem's Antique Weapon Shop.
 23464 | Orc:2    | Gained mutation: You are robust. (+10% HP) [Jiyva's grace]
 23525 | Orc:2    | Found a staircase to the Elven Halls.
 23596 | Orc:2    | Found a roughly hewn altar of Beogh.
 23600 | Orc:2    | Found Ufeukk's Food Boutique.
 23616 | Orc:2    | Noticed an azure jelly
 23616 | Orc:2    | an orc knight changed into an azure jelly
 23616 | Orc:2    | Gained mutation: You have large cloven feet. [Jiyva's
                  | grace]
 23631 | Orc:2    | Reached ****** piety under Jiyva
 23631 | Orc:2    | Gained mutation: You have a small jelly attached to you
                  | that senses nearby items. [Jiyva's grace]
 23664 | Orc:2    | Found a roughly hewn altar of Beogh.
 23812 | Orc:2    | Found a roughly hewn altar of Beogh.
 23927 | Orc:2    | Found a roughly hewn altar of Beogh.
 23927 | Orc:2    | Gained mutation: You are agile. (Dex +2) [Jiyva's grace]
 24001 | Orc:2    | Gained mutation: You are resistant to hostile enchantments.
                  | (MR+) [Jiyva's grace]
 24270 | Orc:2    | Gained mutation: You have supernaturally acute eyesight.
                  | (SInv) [Jiyva's grace]
 24290 | Orc:2    | Gained mutation: Your body has grown golden eyes which may
                  | confuse attackers. (Acc +3) [Jiyva's grace]
 24378 | Orc:2    | Lost mutation: You are robust. (+10% HP) [Jiyva's grace]
 24405 | Orc:2    | Noticed an orc warlord
 24432 | Orc:2    | Lost mutation: You have a small jelly attached to you that
                  | senses nearby items. [Jiyva's grace]
 24442 | Orc:2    | Slimified an orc warlord
 24442 | Orc:2    | Noticed an acid blob
 24442 | Orc:2    | an orc warlord changed into an acid blob
 24448 | Orc:2    | Gained mutation: You have a pair of small antennae on your
                  | head. [Jiyva's grace]
 24499 | Orc:2    | Found Lisox's Antique Weapon Shoppe.
 24500 | Orc:2    | Found a roughly hewn altar of Beogh.
 24509 | Orc:2    | Found Enwyxuh's Antique Armour Emporium.
 24899 | Lair:3   | Slimified Snorg
 24899 | Lair:3   | Noticed Snorg
 24899 | Lair:3   | Snorg changed into Snorg the azure jelly
 24943 | Lair:3   | HP: 5/113 [spiny frog (16)]
 25671 | Slime:1  | Entered Level 1 of the Pits of Slime
 25671 | Slime:1  | Noticed an azure jelly
 25671 | Slime:1  | Noticed an acid blob
 25673 | Slime:1  | Noticed an acid blob
 25738 | Slime:2  | Noticed an acid blob
 25749 | Slime:3  | Noticed a death ooze
 25749 | Slime:3  | Noticed an acid blob
 25758 | Slime:5  | Entered Level 5 of the Pits of Slime
 25762 | Slime:5  | Gained mutation: You are resistant to electric shocks.
                  | (rElec) [Jiyva's grace]
 25763 | Slime:5  | Noticed an acid blob
 25766 | Slime:5  | Lost mutation: You have acidic saliva. [Jiyva's grace]
 25769 | Slime:5  | Found a viscous altar of Jiyva.
 25769 | Slime:5  | Gained mutation: You expend magic power (3 MP) to
                  | strengthen your wands. [Jiyva's grace]
 25770 | Slime:5  | Noticed an acid blob
 25770 | Slime:5  | Noticed a death ooze
 25773 | Slime:5  | Found the +8 frozen axe "Frostbite" {freezing cloud, *Noise
                  | +Fly rC+}
 25773 | Slime:5  | Noticed an acid blob
 25775 | Slime:5  | Gained mutation: Your spells are a little harder to cast,
                  | but a little more powerful. [Jiyva's grace]
 25784 | Slime:5  | Noticed an acid blob
 25785 | Slime:5  | Noticed an acid blob
 25786 | Slime:5  | Got a slimy rune of Zot
 25787 | Slime:5  | Noticed the Royal Jelly
 25788 | Slime:5  | Noticed an acid blob
 25796 | Slime:5  | Got a shimmering tin amulet
 25809 | Slime:5  | Got a scorched brass ring
 25853 | Slime:3  | Noticed an acid blob
 25872 | Slime:1  | Noticed an azure jelly
 25879 | Slime:1  | Noticed an azure jelly
 25881 | Slime:1  | Noticed an acid blob
 25889 | Lair:5   | Identified the amulet of Gifroc {Reflect +Inv rN++ MR-
                  | Str+4 SH+6} (You found it on level 5 of the Pits of Slime)
 25890 | Lair:5   | Identified the cursed ring "Norezihe" {rPois Int+2 Dex-2}
                  | (You found it on level 5 of the Pits of Slime)
 25928 | Lair:5   | Reached skill level 5 in Staves
 26110 | Lair:5   | Lost mutation: Your body has grown golden eyes which may
                  | confuse attackers. (Acc +3) [Jiyva's grace]
 26950 | Lair:4   | Found a staircase to the Swamp.
 27476 | Lair:4   | Noticed an azure jelly
 27476 | Lair:4   | a death yak changed into an azure jelly
 27500 | Lair:4   | Noticed an azure jelly
 27500 | Lair:4   | a death yak changed into an azure jelly
 27748 | Lair:4   | Gained mutation: You have a pair of antennae on your head.
                  | [Jiyva's grace]
 28350 | Lair:6   | Found a gateway to Hell.
 28701 | Lair:3   | Reached skill level 10 in Evocations
 28886 | Lair:3   | Reached XP level 14. HP: 108/121 MP: 21/26
 28945 | Lair:3   | Gained mutation: Your flesh is heat resistant. (rF+)
                  | [Jiyva's grace]
 29187 | Lair:1   | Learned a level 1 spell: Apportation
 29451 | D:12     | You fall into a shaft and drop 3 floors!
 29451 | D:15     | Entered Level 15 of the Dungeon
 29539 | D:15     | Reached skill level 1 in Shields
 29539 | D:15     | Reached skill level 1 in Translocations
 29742 | D:14     | Noticed Rupert
 29743 | D:14     | Lost mutation: You are resistant to hostile enchantments.
                  | (MR+) [Jiyva's grace]
 29746 | D:14     | Slimified Rupert
 29746 | D:14     | Noticed Rupert
 29746 | D:14     | Rupert changed into Rupert the acid blob
 29814 | D:14     | Gained mutation: Your rubbery body absorbs attacks. (AC +1,
                  | EV +1) [Jiyva's grace]
 30037 | D:14     | Lost mutation: You are resistant to electric shocks.
                  | (rElec) [Jiyva's grace]
 30059 | D:14     | Lost mutation: You expend magic power (3 MP) to strengthen
                  | your wands. [Jiyva's grace]
 30123 | D:14     | Reached skill level 2 in Shields
 30150 | D:14     | Lost mutation: Your flesh is heat resistant. (rF+) [Jiyva's
                  | grace]
 30263 | D:14     | Lost mutation: Your spells are a little harder to cast, but
                  | a little more powerful. [Jiyva's grace]
 30525 | D:13     | Reached skill level 5 in Polearms
 30548 | D:13     | Gained mutation: Your system is resistant to poisons.
                  | (rPois) [Jiyva's grace]
 30577 | D:13     | Found a frozen archway.
 30598 | IceCv    | Entered an ice cave
 30740 | IceCv    | Reached skill level 3 in Shields
 31434 | IceCv    | Lost mutation: You have supernaturally acute eyesight.
                  | (SInv) [Jiyva's grace]
 31499 | IceCv    | Reached skill level 4 in Shields
 32287 | IceCv    | Noticed a frost giant
 32320 | IceCv    | Slimified a frost giant
 32320 | IceCv    | Noticed an azure jelly
 32320 | IceCv    | a frost giant changed into an azure jelly
 32320 | IceCv    | Gained mutation: You passively map a small area around you.
                  | [Jiyva's grace]
 32480 | D:12     | Reached skill level 5 in Shields
 32486 | D:12     | Reached skill level 5 in Translocations
 32503 | D:12     | Gained mutation: You are somewhat resistant to further
                  | mutation. [Jiyva's grace]
 32865 | D:12     | Gained mutation: Your large and strong wings let you fly
                  | indefinitely. [Jiyva's grace]
 33527 | D:13     | Noticed an azure jelly
 33527 | D:13     | a tengu warrior changed into an azure jelly
 34219 | D:14     | Gained mutation: Your muscles are strong. (Str +2) [Jiyva's
                  | grace]
 34282 | D:14     | Found a gate to the Vaults.
 34556 | D:15     | Found a staircase to the Depths.
 34556 | D:15     | Noticed a fire giant
 34566 | D:15     | Slimified a fire giant
 34566 | D:15     | Noticed an acid blob
 34566 | D:15     | a fire giant changed into an acid blob
 34644 | D:15     | Lost mutation: Your rubbery body absorbs attacks. (AC +1,
                  | EV +1) [Jiyva's grace]
 35123 | Spider:1 | Entered Level 1 of the Spider Nest
 35221 | Spider:1 | Noticed Nikola
 35432 | Lair:2   | Reached skill level 6 in Shields
 36100 | Lair:2   | Gained mutation: You have hoof-like feet. [Jiyva's grace]
 36137 | Lair:2   | HP: 5/121 [jumping spider (3)]
 36139 | Lair:2   | Reached XP level 15. HP: 5/126 MP: 3/27
 36142 | Lair:2   | HP: 6/126 [poisoned by a redback]
 36589 | Spider:1 | Slimified Nikola
 36589 | Spider:1 | Noticed Nikola
 36589 | Spider:1 | Nikola changed into Nikola the acid blob
 36632 | Spider:1 | Gained mutation: You have a pair of large antennae on your
                  | head. (SInv) [Jiyva's grace]
 37030 | Spider:1 | Reached skill level 7 in Shields
 37231 | Swamp:1  | Entered Level 1 of the Swamp
 37326 | Swamp:1  | Gained mutation: You have a small jelly attached to you
                  | that may absorb incoming projectiles. [Jiyva's grace]
 37361 | Swamp:1  | Got a pair of dazzling gloves
 37372 | Swamp:1  | Identified the +1 pair of gloves "Ditah" {Int+5 Stlth+}
                  | (You found it on level 1 of the Swamp)
 37459 | Swamp:1  | Noticed Donald
 37506 | Swamp:1  | Learned a level 1 spell: Confusing Touch
 37694 | Swamp:1  | Noticed Josephine
 37944 | Swamp:1  | Slimified Josephine
 37944 | Swamp:1  | Noticed Josephine
 37944 | Swamp:1  | Josephine changed into Josephine the slime creature
 38086 | Swamp:1  | Noticed Frances
 38102 | Swamp:1  | Slimified Frances
 38102 | Swamp:1  | Noticed Frances
 38102 | Swamp:1  | Frances changed into Frances the azure jelly
 38133 | Swamp:1  | Killed Donald
 38161 | Swamp:1  | Noticed Jorgrun
 38169 | Swamp:1  | Noticed an azure jelly
 38169 | Swamp:1  | a swamp dragon changed into an azure jelly
 38172 | Swamp:1  | Slimified Jorgrun
 38172 | Swamp:1  | Noticed Jorgrun
 38172 | Swamp:1  | Jorgrun changed into Jorgrun the slime creature
 38668 | Swamp:1  | Upgraded the game from 0.24.0-10-g970556be89 to
                  | 0.24.0-13-gcf9b3192b9
 39034 | Swamp:2  | Lost mutation: You have a small jelly attached to you that
                  | may absorb incoming projectiles. [Jiyva's grace]
 39696 | Swamp:2  | Noticed an acid blob
 39696 | Swamp:2  | a seven-headed hydra changed into an acid blob
 40580 | Swamp:3  | Lost mutation: You have hoof-like feet. [Jiyva's grace]
 40889 | Swamp:3  | Noticed an azure jelly
 40889 | Swamp:3  | a tyrant leech changed into an azure jelly
 40905 | Swamp:3  | Found a shimmering blue altar of Sif Muna.
 41236 | Swamp:3  | Noticed a thorn hunter
 41263 | Swamp:3  | Killed a thorn hunter
 41263 | Swamp:3  | Reached skill level 8 in Shields
 41888 | Swamp:2  | Learned a level 3 spell: Regeneration
 41892 | Swamp:2  | Learned a level 3 spell: Spectral Weapon
 42484 | Swamp:4  | Entered Level 4 of the Swamp
 43073 | Spider:1 | Gained mutation: You passively map the area around you.
                  | [Jiyva's grace]
 43099 | Spider:2 | Noticed a ghost moth
 43135 | Spider:2 | Killed a ghost moth
 43724 | Spider:2 | Noticed a ghost moth
 43746 | Spider:2 | Killed a ghost moth
 43810 | Spider:2 | Found a runed translucent door.
 43811 | Spider:2 | Found a shimmering altar of Xom.
 43811 | Spider:2 | Noticed Taocaav's ghost (adept CeHu)
 44601 | Spider:2 | Reached skill level 10 in Polearms
 44653 | Spider:2 | Lost mutation: You have large cloven feet. [Jiyva's grace]
 44684 | Spider:2 | Reached skill level 9 in Shields
 45610 | Spider:3 | Reached skill level 1 in Charms
 45610 | Spider:3 | Reached skill level 1 in Necromancy
 45642 | Spider:3 | Reached skill level 1 in Hexes
 45657 | Spider:3 | Gained mutation: Your rubbery body absorbs attacks. (AC +1,
                  | EV +1) [Jiyva's grace]
 45944 | Spider:3 | Noticed an azure jelly
 45944 | Spider:3 | an entropy weaver changed into an azure jelly
 46067 | Spider:4 | Entered Level 4 of the Spider Nest
 46083 | Spider:4 | Noticed a ghost moth
 46109 | Spider:3 | Killed a ghost moth
 46358 | Spider:4 | Reached XP level 16. HP: 129/134 MP: 28/28
 46362 | Spider:4 | Noticed Arachne
 46371 | Spider:4 | Slimified Arachne
 46371 | Spider:4 | Noticed Arachne
 46371 | Spider:4 | Arachne changed into Arachne the acid blob
 46375 | Spider:4 | Gained mutation: You are frail. (-10% HP) [Jiyva's grace]
 47493 | Spider:4 | Gained mutation: Your magical capacity is low. (-10% MP)
                  | [Jiyva's grace]
 47823 | Spider:3 | Noticed an acid blob
 47823 | Spider:3 | an emperor scorpion changed into an acid blob
 48148 | Spider:4 | Noticed an acid blob
 48148 | Spider:4 | an emperor scorpion changed into an acid blob
 48190 | Spider:4 | Noticed an acid blob
 48190 | Spider:4 | an emperor scorpion changed into an acid blob
 48213 | Spider:4 | Got a gossamer rune of Zot
 48543 | Elf:1    | Entered Level 1 of the Elven Halls
 48644 | Elf:1    | Lost mutation: You are frail. (-10% HP) [Jiyva's grace]
 48808 | Elf:1    | Found Mytief's Antique Weapon Boutique.
 48813 | Elf:1    | Found a magical portal.
 49223 | Elf:1    | Reached skill level 10 in Shields
 49304 | Elf:1    | Gained mutation: You are very agile. (Dex +4) [Jiyva's
                  | grace]
 49425 | Elf:1    | Gained mutation: You have acidic saliva. [Jiyva's grace]
 49657 | Elf:1    | Noticed an acid blob
 49657 | Elf:1    | a deep elf knight changed into an acid blob
 49689 | Elf:1    | Noticed an Executioner
 49695 | Elf:1    | Gained mutation: Your skin changes colour to match your
                  | surroundings (Stealth+). [Jiyva's grace]
 49706 | Elf:1    | Found a runed translucent gate.
 49706 | Elf:1    | Found a runed translucent gate.
 49706 | Elf:1    | Found a runed translucent gate.
 49706 | Elf:1    | Found a runed translucent gate.
 49706 | Elf:1    | Found a runed translucent gate.
 49707 | Elf:1    | Noticed a shadow dragon
 49708 | Elf:1    | Found a runed translucent gate.
 49708 | Elf:1    | Noticed a shadow dragon
 49714 | Elf:1    | Lost mutation: You have a pair of large antennae on your
                  | head. (SInv) [Jiyva's grace]
 49735 | Elf:1    | Lost mutation: You are very agile. (Dex +4) [Jiyva's grace]
 49798 | Elf:1    | Bought a glowing broad axe for 140 gold pieces
 50344 | Elf:3    | Entered Level 3 of the Elven Halls
 50683 | Elf:3    | Lost mutation: Your magical capacity is low. (-10% MP)
                  | [Jiyva's grace]
 50844 | Elf:3    | Identified the ring "Votzokeh" {rF++ Str+4 Dex-5 SInv}
 50937 | Elf:3    | Lost mutation: Your large and strong wings let you fly
                  | indefinitely. [Jiyva's grace]
 50977 | Elf:3    | Found a runed translucent door.
 51106 | Elf:3    | Reached skill level 5 in Necromancy
 51330 | Elf:3    | Gained mutation: Your body has grown golden eyes which may
                  | confuse attackers. (Acc +3) [Jiyva's grace]
 51747 | Elf:2    | Identified the +12 flail of Ygeprytt {protect, rPois Dex+3}
 51816 | Elf:2    | HP: 1/134 [deep elf mage/the +12 flail of Ygeprytt
                  | {protect, rPois Dex+3} (14)]
 52228 | Elf:2    | Reached XP level 17. HP: 116/140 MP: 18/29
 52268 | Elf:1    | Lost mutation: Your skin changes colour to match your
                  | surroundings (Stealth+). [Jiyva's grace]
 52268 | Elf:1    | Gained mutation: Your translucent skin slightly reduces
                  | your foes' accuracy. (Stealth) [Jiyva's grace]
 52528 | Elf:1    | Reached skill level 5 in Charms
 53014 | Elf:2    | Reached skill level 5 in Hexes
 53151 | Elf:2    | Gained mutation: Armour fits poorly on your pseudopods.
                  | [Jiyva's grace]
 53276 | Elf:2    | Found a huge runed translucent gate.
 53276 | Elf:2    | Found a huge runed translucent gate.
 53277 | Elf:2    | Found a huge runed translucent gate.
 53467 | Elf:2    | Found a huge runed translucent gate.
 53467 | Elf:2    | Found a huge runed translucent gate.
 53757 | Elf:3    | Gained mutation: You are robust. (+10% HP) [Jiyva's grace]
 54781 | Elf:3    | Identified the cursed +3 long sword of Fixation {freeze,
                  | Int+4}
 54827 | Elf:3    | Gained mutation: You are very agile. (Dex +4) [Jiyva's
                  | grace]
 55124 | Elf:3    | Gained mutation: You have supernaturally acute eyesight.
                  | (SInv) [Jiyva's grace]
 55127 | Elf:3    | Reached skill level 11 in Shields
 55681 | Elf:3    | Noticed a deep elf blademaster
 55712 | Elf:3    | Reached skill level 10 in Dodging
 55726 | Elf:3    | Identified the +3 leather armour of Polecwug {rF+}
 55738 | Elf:3    | Killed a deep elf blademaster
 56123 | Elf:2    | Noticed a Tzitzimitl
 56566 | Elf:3    | Gained mutation: You are resistant to hostile enchantments.
                  | (MR+) [Jiyva's grace]
 56802 | Elf:3    | Reached skill level 12 in Shields
 56823 | Elf:3    | Identified the +8 flail "Pimommo" {vamp, +Inv rPois MR+}
 56877 | Elf:3    | Gained mutation: You have sharp fingernails. [Jiyva's
                  | grace]
 57391 | Elf:3    | Gained mutation: You have a pair of large antennae on your
                  | head. (SInv) [Jiyva's grace]
 57470 | Elf:3    | Noticed an acid blob
 57470 | Elf:3    | a deep elf annihilator changed into an acid blob
 57659 | Elf:3    | Gained mutation: You are very robust. (+20% HP) [Jiyva's
                  | grace]
 57682 | Elf:3    | Found the +0 staff of Battle
 57693 | Elf:3    | Identified the Catalogue of Glamour
 57704 | Elf:3    | Identified the Grimoire of Venom and Weightlessness
 57717 | Elf:3    | Identified Sajab's Volume of Helpful Snow
 57724 | Elf:3    | Gained mutation: You passively map a large area around you.
                  | [Jiyva's grace]
 58038 | Depths:1 | Entered Level 1 of the Depths
 58147 | D:15     | Gained mutation: You have a small jelly attached to you
                  | that may absorb incoming projectiles. [Jiyva's grace]
 58272 | D:15     | Gained mutation: You are highly resistant to hostile
                  | enchantments. (MR++) [Jiyva's grace]
 59057 | Depths:1 | Noticed an acid blob
 59057 | Depths:1 | a spriggan defender changed into an acid blob
 59066 | Depths:1 | Gained mutation: You have an increased reservoir of magic.
                  | (+10% MP) [Jiyva's grace]
 59080 | Depths:1 | Reached skill level 13 in Shields
 59130 | Depths:1 | Lost mutation: You passively map a large area around you.
                  | [Jiyva's grace]
 59170 | Depths:1 | Noticed Mara
 59180 | Depths:1 | Noticed magipi's illusion
 59286 | Depths:1 | Noticed magipi's illusion
 59429 | Depths:1 | Noticed magipi's illusion
 59586 | Depths:1 | Noticed magipi's illusion
 59601 | D:15     | Noticed magipi's illusion
 59609 | D:15     | Killed Mara
 59894 | Depths:1 | Noticed a golden dragon
 59898 | Depths:1 | Slimified a golden dragon
 59898 | Depths:1 | a golden dragon changed into an azure jelly
 59965 | Depths:1 | Reached skill level 1 in Long Blades
 59993 | Depths:1 | Gained mutation: Your large and strong wings let you fly
                  | indefinitely. [Jiyva's grace]
 60098 | Depths:1 | Lost mutation: You are somewhat resistant to further
                  | mutation. [Jiyva's grace]
 60140 | Depths:1 | Learned a level 3 spell: Tukima's Dance
 60149 | Depths:1 | Found a glowing golden altar of the Shining One.
 60307 | Depths:1 | Noticed a lich
 60320 | Depths:1 | Killed a lich
 60320 | Depths:1 | Reached XP level 18. HP: 45/176 MP: 33/33
 60987 | Depths:1 | Lost mutation: Your large and strong wings let you fly
                  | indefinitely. [Jiyva's grace]
 61044 | Depths:1 | Reached skill level 5 in Long Blades
 61117 | Depths:1 | Identified Tiokej's Reference Book on Blistering Evil
                  | Rituals
 61458 | Depths:3 | Found a transporter.
 61458 | Depths:3 | Noticed a tentacled monstrosity
 61458 | Depths:3 | Noticed a lich
 61475 | Depths:3 | Lost mutation: You have an increased reservoir of magic.
                  | (+10% MP) [Jiyva's grace]
 61645 | Depths:3 | Reached skill level 14 in Shields
 61696 | Depths:3 | Identified the ring "Pocs" {*Drain rPois Dex+3 Slay+5}
 61756 | Depths:3 | Found a transporter.
 61857 | Depths:3 | Lost mutation: Armour fits poorly on your pseudopods.
                  | [Jiyva's grace]
 61921 | Depths:3 | Lost mutation: You have a pair of large antennae on your
                  | head. (SInv) [Jiyva's grace]
 61930 | Depths:3 | Noticed a lich
 61944 | Depths:3 | Slimified a lich
 61944 | Depths:3 | a lich changed into a death ooze
 62065 | Depths:3 | Killed a tentacled monstrosity
 62318 | Depths:3 | Gained mutation: You have an increased reservoir of magic.
                  | (+10% MP) [Jiyva's grace]
 62403 | Depths:3 | Found a runed translucent door.
 62403 | Depths:3 | Found a shimmering altar of Xom.
 62403 | Depths:3 | Noticed Setanta's ghost (veteran GnFi)
 62506 | Depths:3 | Lost mutation: You are very robust. (+20% HP) [Jiyva's
                  | grace]
 62552 | Depths:3 | Noticed a lich
 62652 | Depths:3 | Killed a lich
 63021 | Depths:3 | Gained mutation: You have a considerably increased
                  | reservoir of magic. (+20% MP) [Jiyva's grace]
 63322 | Depths:3 | Gained mutation: Your spells are a little harder to cast,
                  | but a little more powerful. [Jiyva's grace]
 63604 | Depths:4 | Gained mutation: Armour fits poorly on your pseudopods.
                  | [Jiyva's grace]
 64420 | Depths:4 | Found a one-way gate to the infinite horrors of the Abyss.
 64426 | Depths:4 | Lost mutation: Your body has grown golden eyes which may
                  | confuse attackers. (Acc +3) [Jiyva's grace]
 64958 | Depths:4 | Lost mutation: You are highly resistant to hostile
                  | enchantments. (MR++) [Jiyva's grace]
 65586 | Depths:4 | Gained mutation: Your tail ends in a poisonous barb.
                  | [Jiyva's grace]
 65610 | Depths:4 | Reached skill level 10 in Long Blades
 65723 | Depths:5 | Entered Level 5 of the Depths
 66220 | Depths:5 | Noticed Mennas
 66243 | Depths:5 | Mangled by Mennas

Levels and vault maps discovered:
D:1:      lemuel_arrival_rhombus, layout_basic, dk_noncrumbling_3,
          kennysheep_minor_cross
D:2:      layout_basic, uniq_terence, uniq_robin, uniq_jessica
D:3:      lemuel_castle_with_subvaults [lemuel_castle_interior_carwin_1],
          layout_loops_ring, bloody_makhleb, minmay_liquid_box, uniq_natasha
D:4:      layout_basic, uniq_crazy_yiuf_cottage
D:5:      layout_rooms, serial_shops, nicolae_shop_stone, first_ration
D:6:      layout_loops_ring, basic_altar
D:7:      layout_rooms, minmay_temple_entry_ruins, uniq_prince_ribbit1
D:8:      layout_rooms, erik_lair_island, serial_shops, shop, uniq_harold
D:9:      layout_gridville, gammafunk_temple_overflow_claw
D:10:     layout_cave_pods, serial_shops, nicolae_shop_stone, trog_wizard
D:11:     minmay_the_grid_triangle_9x9_rhombus_full_mashed
          [minmay_the_grid_triangle_9x9_cache,
          minmay_the_grid_triangle_9x9_subtriangle,
          minmay_the_grid_triangle_9x9_semitri,
          minmay_the_grid_triangle_9x9_windchime,
          minmay_the_grid_triangle_9x9_impossible_snake,
          minmay_the_grid_triangle_9x9_fully_insulated_deathbox,
          minmay_the_grid_triangle_9x9_alien,
          minmay_the_grid_triangle_9x9_prize_insulated], layout_loops_ring,
          grunt_pizzeria
D:12:     layout_roguey
D:13:     layout_loops_ring, portal_ice_cave_demonic_guard
D:14:     layout_cave_pools, hangedman_vaults_entry_quadrant_bands,
          glass_columns_b, grunt_ministairs_8, skrybe_limestone_x, uniq_rupert
D:15:     grunt_enter_depths_giant_problem, layout_basic, minivault_4
Lair:1:   layout_cave_pods, infiniplex_staircase_pool_2, grunt_megastairs_5,
          minmay_lair_oklob_chamber
Lair:2:   lemuel_reptile_caves, layout_misc_corridors, spider_nest_entry_rubble,
          serial_bayou_shore_a, serial_bayou_shore_b
Lair:3:   hangedman_what_comes_after_a, layout_misc_corridors,
          gammafunk_ghost_arena, uniq_snorg
Lair:4:   layout_concentric_octagons, nicolae_swamp_entry_splash_gauntlet,
          grunt_megastairs_1, serial_bayou_shore_b
Lair:5:   layout_regular_city, dpeg_slime_entry_enclosed_altar
Lair:6:   evil_forest, layout_layer_cave, serial_bayou_shore_b
Swamp:1:  layout_falls_marsh, serial_swamp_ruin, evilmike_swamp_ruin_rubble_1,
          evilmike_swamp_ruin_house_1, evilmike_swamp_ruin_rubble_2,
          uniq_frances, uniq_jorgrun, uniq_donald, uniq_josephine
Swamp:2:  layout_falls_marsh, evilmike_swamp_ruin_house_4, swamp_pool5,
          lightli_tree_ring
Swamp:3:  layout_falls_marsh, nicolae_swamp_godswood
Swamp:4:  swamp_basic_johnstein, layout_basic_swamp, swamp_pool2,
          infiniplex_staircase_pool
Spider:1: layout_spider_delve, guppyfry_spider_mini_2, uniq_nikola
Spider:2: layout_spider_delve, ebering_ghost_xom,
          hangedman_spider_tarantella_strand
Spider:3: layout_spider_delve
Spider:4: spider_rune_water, uniq_arachne
Slime:1:  layout_caves
Slime:2:  cheibrodos_slime_lost_civilization_8, layout_caves
Slime:3:  nicolae_slime_pool, layout_caves
Slime:4:  layout_caves, cheibrodos_slime_lost_civilization_5
Slime:5
Orc:1:    layout_diamond_mine
Orc:2:    grunt_orc_community_town_hall, layout_caves,
          grunt_orc_community_big_house_2, grunt_orc_community_big_house_2,
          grunt_orc_community_house_3, grunt_orc_community_house_3,
          grunt_orc_community_house_3, grunt_orc_community_house_2,
          grunt_orc_community_house_3, grunt_orc_community_house_1,
          nicolae_volcano_entry_two_sided
Elf:1:    eino_elf_arrival_customs, layout_loops_cross, serial_shops,
          nicolae_shop_statue_plus, infiniplex_enter_wizlab_water, orc_legates
Elf:2:    layout_gridlike
Elf:3:    minmay_elf_hall_x, layout_gridlike, minmay_misc_feat_rows,
          minivault_13
Depths:1: minmay_swirls_squares, layout_cross, grunt_hell_entry_dis_old,
          minmay_crystal_water, minmay_misc_feat_iff, tso_metal_star, uniq_mara
Depths:2: radiant_caverns_b_rkd, hell_entry
Depths:3: gammafunk_sealed_arena, layout_gridlike,
          hangedman_abyss_or_decor_slice, rand_demon_pan_entry_9, hell_entry,
          ebering_ghost_xom, minmay_hollow_rounded_squares
Depths:4: minmay_eyes, layout_basic, grunt_decor_arrowhead, hell_entry,
          abyss_entry_small_statue_room
Depths:5: grunt_zot_entry_tricorne, layout_twisted_cross, enter_ziggurat_a,
          serial_shops, shop, minmay_strange_pillars,
          hangedman_tar_grid_catacomb, uniq_mennas

Skill      XL: |  1  2  3  4  5  6  7  8  9 10 11 12 13 14 15 16 17 18 |
---------------+-------------------------------------------------------+-----
Conjurations   | 2 3 4 5 6 8 10 | 10.0
Spellcasting   | 3 4 6 8 |  8.0
Fire Magic     | 4 3 5 6 7 9 10 | 10.1
Fighting       | 3 5 6 9 10 | 10.0
Dodging        | 3 5 6 8 9 10 | 10.0
Stealth        | 4 5 6 |  6.0
Evocations     | 6 10 | 10.0
Polearms       | 1 3 8 10 11 | 11.2
Staves         | 6 |  6.8
Shields        | 6 9 10 13 14 | 14.9
Translocations | 6 |  6.0
Charms         | 1 4 6 |  6.0
Necromancy     | 1 5 6 |  6.0
Hexes          | 1 4 6 |  6.0
Long Blades    | 3 10 | 10.0

Action                   |  1- 3 |  4- 6 |  7- 9 | 10-12 | 13-15 | 16-18 || total
-------------------------+-------+-------+-------+-------+-------+-------++-------
Melee: Spear             |    86 |    19 |     6 |    90 |  2132 |  1870 ||  4203
       Tailslap          |     3 |    13 |    10 |    30 |   320 |   532 ||   908
       Halberd           |       |   111 |   296 |   259 |       |       ||   666
       Unarmed           |       |       |    16 |       |       |       ||    16
       Bite              |       |       |       |     2 |    18 |   361 ||   381
       Quarterstaff      |       |       |       |       |    89 |       ||    89
       Kick              |       |       |       |       |    73 |       ||    73
       Staff             |       |       |       |       |     2 |       ||     2
       Broad axe         |       |       |       |       |       |    12 ||    12
       Pseudopods        |       |       |       |       |       |   404 ||   404
       Demon whip        |       |       |       |       |       |    45 ||    45
       Demon blade       |       |       |       |       |       |   762 ||   762
Throw: Dart              |       |       |       |       |       |     2 ||     2
 Cast: Flame Tongue      |    36 |    85 |    23 |    18 |     4 |       ||   166
       Conjure Flame     |     2 |     1 |    16 |     7 |    17 |       ||    43
       Sticky Flame      |       |    16 |    73 |   163 |   221 |    20 ||   493
       Fireball          |       |       |       |    12 |    47 |    27 ||    86
       Confusing Touch   |       |       |       |       |     2 |     2 ||     4
       Apportation       |       |       |       |       |     2 |       ||     2
       Regeneration      |       |       |       |       |       |     8 ||     8
Invok: Slimify           |       |       |       |       |    37 |    33 ||    70
       Request Jelly     |       |       |       |       |       |     1 ||     1
 Abil: Breathe Frost     |       |       |     8 |     5 |     8 |     9 ||    30
       Evoke Berserk Rag |       |       |       |       |     3 |    11 ||    14
       Evoke Invisibilit |       |       |       |       |     1 |     1 ||     2
Evoke: Wand              |       |       |       |       |    11 |    17 ||    28
       Lightning rod     |       |       |       |       |       |     5 ||     5
       Phial of floods   |       |       |       |       |       |     2 ||     2
       Phantom mirror    |       |       |       |       |       |     2 ||     2
  Use: Scroll            |       |       |    13 |     7 |    17 |    11 ||    48
       Potion            |       |       |     2 |     2 |     6 |     4 ||    14
 Stab: Sleeping          |     2 |     2 |    10 |    14 |    25 |    14 ||    67
       Distracted        |       |       |       |     3 |    16 |    19 ||    38
       Confused          |       |       |       |       |     3 |    22 ||    25
       Invisible         |       |       |       |       |     1 |       ||     1
       Held in net/web   |       |       |       |       |       |     2 ||     2
       Paralysed         |       |       |       |       |       |     7 ||     7
  Eat: Chunk             |     2 |     9 |    29 |    32 |     4 |     3 ||    79
       Ration            |       |     1 |     1 |     5 |     1 |       ||     8
Armor: Skin              |    14 |    64 |   158 |   183 |   539 |   320 ||  1278
Dodge: Dodged            |    41 |   117 |   215 |   477 |  1298 |   943 ||  3091
Block: Shield            |       |       |       |       |   917 |  1440 ||  2357
       Reflection        |       |       |       |       |       |    51 ||    51
       Rpst.: Demon blade |       |       |       |       |       |    60 ||    60

Action                   |  1- 3 |  4- 6 |  7- 9 | 10-12 | 13-15 | 16-18 || total
-------------------------+-------+-------+-------+-------+-------+-------++-------
Melee: Spear             |    86 |    19 |     6 |    90 |  2132 |  1870 ||  4203
       Tailslap          |     3 |    13 |    10 |    30 |   320 |   532 ||   908
       Halberd           |       |   111 |   296 |   259 |       |       ||   666
       Unarmed           |       |       |    16 |       |       |       ||    16
       Bite              |       |       |       |     2 |    18 |   361 ||   381
       Quarterstaff      |       |       |       |       |    89 |       ||    89
       Kick              |       |       |       |       |    73 |       ||    73
       Staff             |       |       |       |       |     2 |       ||     2
       Broad axe         |       |       |       |       |       |    12 ||    12
       Pseudopods        |       |       |       |       |       |   404 ||   404
       Demon whip        |       |       |       |       |       |    45 ||    45
       Demon blade       |       |       |       |       |       |   762 ||   762
Throw: Dart              |       |       |       |       |       |     2 ||     2
 Cast: Flame Tongue      |    36 |    85 |    23 |    18 |     4 |       ||   166
       Conjure Flame     |     2 |     1 |    16 |     7 |    17 |       ||    43
       Sticky Flame      |       |    16 |    73 |   163 |   221 |    20 ||   493
       Fireball          |       |       |       |    12 |    47 |    27 ||    86
       Confusing Touch   |       |       |       |       |     2 |     2 ||     4
       Apportation       |       |       |       |       |     2 |       ||     2
       Regeneration      |       |       |       |       |       |     8 ||     8
Invok: Slimify           |       |       |       |       |    37 |    33 ||    70
       Request Jelly     |       |       |       |       |       |     1 ||     1
 Abil: Breathe Frost     |       |       |     8 |     5 |     8 |     9 ||    30
       Evoke Berserk Rag |       |       |       |       |     3 |    11 ||    14
       Evoke Invisibilit |       |       |       |       |     1 |     1 ||     2
Evoke: Wand              |       |       |       |       |    11 |    17 ||    28
       Lightning rod     |       |       |       |       |       |     5 ||     5
       Phial of floods   |       |       |       |       |       |     2 ||     2
       Phantom mirror    |       |       |       |       |       |     2 ||     2
  Use: Scroll            |       |       |    13 |     7 |    17 |    11 ||    48
       Potion            |       |       |     2 |     2 |     6 |     4 ||    14
 Stab: Sleeping          |     2 |     2 |    10 |    14 |    25 |    14 ||    67
       Distracted        |       |       |       |     3 |    16 |    19 ||    38
       Confused          |       |       |       |       |     3 |    22 ||    25
       Invisible         |       |       |       |       |     1 |       ||     1
       Held in net/web   |       |       |       |       |       |     2 ||     2
       Paralysed         |       |       |       |       |       |     7 ||     7
  Eat: Chunk             |     2 |     9 |    29 |    32 |     4 |     3 ||    79
       Ration            |       |     1 |     1 |     5 |     1 |       ||     8
Armor: Skin              |    14 |    64 |   158 |   183 |   539 |   320 ||  1278
Dodge: Dodged            |    41 |   117 |   215 |   477 |  1298 |   943 ||  3091
Block: Shield            |       |       |       |       |   917 |  1440 ||  2357
       Reflection        |       |       |       |       |       |    51 ||    51
       Rpst.: Demon blade |       |       |       |       |       |    60 ||    60
